 Dungeon Crawl Stone Soup version 0.28.0-43-g3370ac3207 (webtiles) character file.

Game seed: 13525889852524478093

105 sanboga the Skirmisher (level 4, 0/29 HPs)
             Began as a Gargoyle Fighter on Mar 2, 2022.
             Slain by an orc
             ... wielding a +0 trident
              (1 damage)
             ... on level 3 of the Dungeon.
             The game lasted 00:02:00 (2228 turns).

sanboga the Skirmisher (Gargoyle Fighter)           Turns: 2228, Time: 00:02:01

Health: 0/29       AC: 10    Str: 22    XL:     4   Next: 83%
Magic:  4/4        EV:  9    Int:  8    God:
Gold:   98         SH:  4    Dex:  9    Spells: 3/3 levels left

rFire   . . .      SeeInvis .   a - +0 war axe
rCold   . . .      Faith    .   c - +0 buckler
rNeg    + . .      Spirit   .   b - +0 scale mail
rPois   ∞          Reflect  .   (no helmet)
rElec   +          Harm     .   (no cloak)
rCorr   .          Rampage  .   (no gloves)
Will    .....                   (no boots)
Stlth   ..........              (no amulet)
HPRegen 0.09/turn               (no ring)
MPRegen 0.09/turn               (no ring)

@: no status effects
A: sickness immunity, AC +3, negative energy resistance 1, electricity
resistance, torment resistance 1, petrification resistance
a: no special abilities


You were on level 3 of the Dungeon.
You visited 1 branch of the dungeon, and saw 3 of its levels.

You collected 98 gold pieces.

Inventory:

Hand Weapons
 a - a +0 war axe (weapon)
Armour
 b - a +0 scale mail (worn)
 c - a +0 buckler (worn)
Scrolls
 e - a scroll of fear {unknown}
 f - a scroll of silence {unknown}
 l - a scroll of blinking {unknown}
Potions
 d - a potion of might
 g - a potion of lignification {unknown}
 i - 3 potions of curing {unknown}
 j - a potion of flight {unknown}
 k - a potion of degeneration {unknown}


   Skills:
 + Level 4.0 Fighting
 * Level 3.0 Axes
 + Level 3.9 Armour
 + Level 3.9 Shields


You had 3 spell levels left.
You didn't know any spells.
Your spell library contained the following spells:

 Spells                   Type           Power      Damage    Failure   Level
 Tukima's Dance           Hex            0%         N/A       99%         3
 Passage of Golubria      Tloc           0%         N/A       100%        4
 Yara's Violent Unravell  Hex/Tmut       0%         3d3       100%        5


Dungeon Overview and Level Annotations

Branches:
Dungeon (3/15)

Altars:
Wu Jian


Innate Abilities, Weirdness & Mutations

You are immune to sickness and miasma.
Your stone body is resilient. (AC +3)
You are immune to poison.
You resist negative energy. (rN+)
You are resistant to electric shocks. (rElec)
You are resistant to unholy torment.
You are immune to petrification.


Message History

You hit the orc priest but do no damage.
The orc priest is moderately wounded.
You barely miss the orc. You slash the orc!
You kill the orc!
You hit the orc. x2
You kill the orc!
The orc hits you from afar with a +0 trident.
The orc hits you but does no damage. The orc closely misses you.
The orc priest looks encouraged for a moment.
You hit the orc priest.
The orc priest is severely wounded.
You hit the orc. You block the orc's attack.
The orc priest hits you but does no damage.
You barely miss the orc priest.
The orc priest is severely wounded.
You hit the orc.
The orc hits you from afar with a +0 trident.
The orc priest hits you with a +0 dagger of electrocution.
The orc hits you with a +0 short sword. You block the orc's attack.
The orc closely misses you.
The orc priest hits you but does no damage.
You hit the orc priest.
The orc priest is severely wounded.
You hit the orc.
You kill the orc!
The orc hits you but does no damage.
The orc priest invokes the aid of Beogh against you.
Beogh smites you!
Ouch! That really hurt!
* * * LOW HITPOINT WARNING * * *
You barely miss the orc priest.
The orc priest is severely wounded.
The orc barely misses you. The orc priest barely misses you.
The orc hits you but does no damage.
The orc priest hits you but does no damage.
You hit the orc priest.
The orc priest is almost dead.
The orc hits you from afar with a +0 trident.
You die...

####...#
######......#
#.........#.#
#........##.#
###......# ..
###...#####..
####....[..>.
#......######.
#...)@)#
#...#.o#
#...$o.).
#...##.#.#
#... ....# #._
###... ...
#### ..⌠


You could see an orc priest and an orc.

Vanquished Creatures
  A gnoll (D:1)
  4 adders (D:2)
  A worm (D:2)
  2 dart slugs
  6 orcs
  4 ball pythons
  5 bats
  2 endoplasms (D:1)
  A giant cockroach (D:1)
  3 hobgoblins (D:1)
  4 jackals (D:1)
  3 kobolds
  A quokka (D:2)
  A frilled lizard (D:1)
  5 goblins
  2 rats
45 creatures vanquished.

Notes
Turn   | Place    | Note
-------+----------+-------------------------------------------
     0 | D:1      | sanboga the Gargoyle Fighter began the quest for the Orb.
     0 | D:1      | Reached XP level 1. HP: 14/14 MP: 1/1
   314 | D:1      | Reached XP level 2. HP: 16/19 MP: 2/2
   493 | D:1      | Reached XP level 3. HP: 9/23 MP: 3/3
  1552 | D:2      | Reached XP level 4. HP: 26/29 MP: 4/4
  2053 | D:2      | Reached skill level 4 in Fighting
  2218 | D:3      | Found an ornate altar of the Wu Jian Council.
  2226 | D:3      | HP: 1/29 [orc priest/divine providence (15)]
  2228 | D:3      | Slain by an orc

Illustrated notes

Levels and vault maps discovered:
D:1:      eino_arrival_water_star, layout_loops_ring, minmay_small_reverse_x
D:2:      layout_basic, dk_vineyard_1, grunt_ministairs_11,
          kennysheep_cross_room
D:3:      layout_rooms, nicolae_overflow_hallway_of_the_gods

Skill      XL: |  1  2  3  4 |
---------------+-------------+-----
Axes           | 2 3 |  3.0
Fighting       | 4 |  4.0
Armour         | |  3.9
Shields        | |  3.9

Action                   |  1- 3 |  4- 6 || total
-------------------------+-------+-------++-------
Melee: War axe           |   125 |    65 ||   190
  Use: Scroll            |       |     1 ||     1
Armor: Scale mail        |    78 |    42 ||   120
Dodge: Dodged            |    67 |    32 ||    99
Block: Buckler           |    39 |    16 ||    55
